aen, chaotic male human Rogue - - -.---.- --- .........|.----- ...<)..........--- ..^.%))...)......| --- ....).%.........| .--.-- |...*)%........---. ....[.| ....%.......*...........-- -........|.............| .......----...........| -...--- --..........| ...| .....))....| ..- ...)....-- ---...)----- |....g@... ---------- aen the Rogue Experience level: 8 Strength: 18 Dexterity: 18 Constitution: 16 Intelligence: 8 Wisdom: 15 Charisma: 6 Health: 0(56) Energy: 31(31) Def: 8 Gold: 52 Moves: 3868 Dungeon seed: KAwyrs9IlRnoJkqU Game ID: aen_1529687765 Your Inventory: Coins $ - 52 gold pieces Amulets l - an uncursed amulet versus poison (being worn) Weapons b - 12 +0 daggers h - 4 +1 daggers i - 21 +0 daggers (in quiver) w - a +0 dwarvish short sword (weapon in hand) Armor e - an uncursed +1 leather armor (being worn) n - an uncursed +0 elven cloak (being worn) q - an uncursed rusty +0 dwarvish iron helm (being worn) x - an uncursed +0 dwarvish roundshield (being worn) Y - an uncursed +0 pair of water walking boots (being worn) Comestibles E - 3 uncursed food rations Scrolls k - an uncursed scroll of create monster p - an uncursed scroll of identify B - a blessed scroll of teleportation J - 3 uncursed scrolls of teleportation Q - an uncursed scroll of light X - a blessed scroll of create monster Potions c - an uncursed potion of sickness v - an uncursed potion of healing T - an uncursed potion of restore ability Rings P - an uncursed ring of regeneration Wands M - a wand of sleep (0:7) O - a wand of digging (0:3) Tools d - an uncursed lock pick g - an uncursed magic whistle j - 6 cursed tallow candles (0:200) m - 5 blessed wax candles (0:400) o - 2 blessed tallow candles (0:200) s - an uncursed oil lamp (lit) (0:372) H - an uncursed partly used tallow candle (0:6) K - an uncursed tin whistle V - an uncursed skeleton key W - 6 uncursed tallow candles (0:200) Gems a - an uncursed topaz stone f - an uncursed garnet stone r - 2 uncursed agate stones y - an uncursed worthless piece of white glass z - an uncursed worthless piece of yellow glass A - 4 uncursed worthless pieces of blue glass D - an uncursed obsidian stone N - an uncursed worthless piece of black glass S - an uncursed fluorite stone U - an uncursed worthless piece of violet glass Z - an uncursed aquamarine stone Spells and supernatural/magical abilities: Name Level Category Fail Memory W - pray for help -- divine ? -- Your skills at the end: Fighting Skills Weapon Skills dagger [Skilled] short sword [Basic] Spellcasting Skills Final Attributes: You were piously aligned. You were poison resistant. You were stealthy. You could walk on water. You are dead. Vanquished creatures: a dwarf king a human mummy a quivering blob 4 gnome kings a brown pudding a dog a plains centaur a human zombie 2 Uruk-hai a rock piercer a yellow light 10 gnome lords 6 gnomish wizards a red naga hatchling a black naga hatchling a guardian naga hatchling a gray ooze 3 elf zombies a giant ant a kitten 16 dwarves a kobold lord a rabid rat 2 orc zombies an acid blob a gas spore 3 hobbits a giant rat 5 cave spiders 48 gnomes a gnome zombie 2 geckos 2 jackals a fox 2 goblins 2 grid bugs 2 bats 3 lichens 2 kobold zombies 2 newts 138 creatures vanquished. Voluntary challenges: You used a wielded weapon 82 times, starting on turn 4. You read items or engraved 4 times, starting on turn 3207. You never genocided any monsters. You never polymorphed an object. You never changed form. You used no wishes. You never split a pudding. You wrote Elbereth's name 3 times, starting on turn 3210. You never violated your personal moral code. Dungeon overview: The Dungeons of Doom: levels 1 to 2 Level 1 a sink a long staircase Level 2 stairs to The Gnomish Mines The Gnomish Mines: levels 3 to 9 Level 3 stairs to The Dungeons of Doom Level 4 Level 5 many shops, a temple to Issek, some fountains Level 6 Level 7 Level 8 Level 9 <- You were here History has recorded: On T:1 you entered the Dungeons of Doom to retrieve the Amulet of Yendor! On T:315 you reached level 2 of The Dungeons of Doom. On T:362 you reached level 1 of The Gnomish Mines. On T:420 you advanced to experience level 2. On T:430 you advanced to experience level 3. On T:449 you advanced to experience level 4. On T:960 you reached level 2 of The Gnomish Mines. On T:982 you advanced to experience level 5. On T:1195 you reached level 3 of The Gnomish Mines. On T:1234 you advanced to experience level 6. On T:1669 you reached level 4 of The Gnomish Mines. On T:2231 you advanced to experience level 7. On T:2728 you reached level 5 of The Gnomish Mines. On T:3118 you reached level 6 of The Gnomish Mines. On T:3645 you reached level 7 of The Gnomish Mines. On T:3805 you advanced to experience level 8. Score breakdown: Gold: 52 ( 5865 points) Experience: 8 levels (14739 points) Exploration: 9 levels ( 17.31%) (11881 points) Discoveries: 5 items ( 1.68%) ( 3885 points) Valuables value: (no points given unless you survive) Artifact value: 0 ( 0 points) Variety of kills: 40 monsters ( 10.50%) ( 9720 points) Turncount: 3868 turns ( -975 points) Survival: died (score multiplied by 80%) Total score: 36092 Latest messages: Something is written here in the dust. You read: "E?be?ctn". You see here a mummy wrapping. You throw 3 daggers. The 1st dagger hits the yellow light! The 2nd dagger hits the yellow light! You kill the yellow light! You have a little trouble lifting i - 2 daggers (in quiver). You see here an arrow. You have a little trouble lifting i - a dagger (in quiver). You throw 2 daggers. The 1st dagger misses the gargoyle. The 2nd dagger hits the gargoyle! There are a few objects here. The gargoyle hits! (2x) The gargoyle misses. The dagger hits the gargoyle. The gargoyle hits! (2x) The gargoyle bites! You write in the dust with your fingers. The gargoyle hits! (2x) The gargoyle bites! You die... Final status: Goodbye aen the Rogue, killed by a gargoyle... You died in The Gnomish Mines on dungeon level 9 with 36092 points, and 52 pieces of gold, after 3868 moves. You were level 8 with a maximum of 56 hit points when you died.